 Dungeon Crawl Stone Soup version 0.30-a0-782-ge64f9170bb (webtiles) character file.

Game seed: 5143187477698091747

49 funkygono the Firebug (level 3, 0/19 HPs)
             Began as a Gargoyle Fire Elementalist on Mar 9, 2023.
             Slain by a dart slug (2 damage)
             ... on level 2 of the Dungeon.
             The game lasted 00:01:48 (1362 turns).

funkygono the Firebug (Gargoyle Fire Elementalist)  Turns: 1362, Time: 00:01:49

Health: 0/19       AC:  5    Str: 11    XL:     3   Next: 75%
Magic:  0/6        EV: 12    Int: 17    God:
Gold:   51         SH:  0    Dex: 10    Spells: 4/7 levels left

rFire   . . .      SeeInvis .    d - +0 mace
rCold   . . .      Faith    .    (no shield)
rNeg    + . .      Spirit   .    a - +0 robe
rPois   ∞          Reflect  .    (no helmet)
rElec   +          Harm     .    (no cloak)
rCorr   .          Rampage  .    (no gloves)
Will    .....                    (no boots)
Stlth   ++                       (no amulet)
HPRegen 0.23/turn                (no ring)
MPRegen 0.10/turn                (no ring)

@: no status effects
A: sickness immunity, AC +3, negative energy resistance 1, electricity
resistance, torment resistance 1, petrification resistance
a: no special abilities


You were on level 2 of the Dungeon.
You visited 1 branch of the dungeon, and saw 2 of its levels.

You collected 51 gold pieces.

Inventory:

Hand Weapons
 d - a +0 mace (weapon)
 e - a +0 whip
Armour
 a - a +0 robe (worn)
Scrolls
 c - 2 scrolls of immolation {unknown}
 g - 3 scrolls of identify {unknown}
 i - a scroll of vulnerability {unknown}
 j - 2 scrolls of enchant armour {unknown}
 l - a scroll of noise {unknown}
Potions
 b - a potion of magic
 f - 2 potions of curing {unknown}
 h - 2 potions of heal wounds {unknown}
 k - a potion of brilliance {unknown}
 m - a potion of mutation {unknown}


   Skills:
 + Level 0.2 Maces & Flails
 + Level 1.6 Dodging
 - Level 2.1 Stealth
 + Level 2.6 Spellcasting
 + Level 1.2 Conjurations
 + Level 4.0 Fire Magic


You had 4 spell levels left.
You knew the following spells:

 Your Spells              Type           Power      Damage    Failure   Level
a - Foxfire               Conj/Fire      44%        2x1d6     6%          1
b - Scorch                Fire           30%        2d6       5%          2

Your spell library contained the following spells:

 Spells                   Type           Power      Damage    Failure   Level
 Kiss of Death            Conj/Necr      16%        2d6       14%         1
 Inner Flame              Hex/Fire       9%         N/A       24%         3
 Kindle Blastsparks       Fire/Tloc/Air  12%        2d11      30%         3
 Confusing Touch          Hex            2%         N/A       50%         3
 Flame Wave               Conj/Fire      11%        2d6       52%         4
 Dispel Undead            Necr           2%         3d7       88%         4


Dungeon Overview and Level Annotations

Branches:
Dungeon (2/15)

Altars:

Shops:
D:1 [

Annotations:
D:2 1 runed translucent door, Crazy Yiuf


Innate Abilities, Weirdness & Mutations

You are immune to sickness and miasma.
Your stone body is resilient. (AC +3)
You are immune to poison.
You resist negative energy. (rN+)
You are resistant to electric shocks. (rElec)
You are resistant to unholy torment.
You are immune to petrification.


Message History

The foxfire hits the scorpion but does no damage.
The foxfire hits the ball python.
You kill the ball python!
The scorpion stings you but does no damage.
Unknown command.
Casting: Scorch (safe; 5% risk of failure)
Confirm with . or Enter, or press ? or * to list all spells.
You conjure some foxfire!
The scorpion stings you. The scorpion closely misses you.
Casting: Foxfire (safe; 6% risk of failure)
Confirm with . or Enter, or press ? or * to list all spells.
Flames lash the scorpion.
The scorpion is moderately wounded.
The scorpion's fire resistance burns away.
The foxfire hits the scorpion.
The scorpion is burned terribly!
The scorpion is heavily wounded.
The foxfire hits the scorpion.
The scorpion is burned terribly!
The scorpion is severely wounded.
The scorpion stings you.
Unknown command.
Casting: Scorch (safe; 5% risk of failure)
Confirm with . or Enter, or press ? or * to list all spells.
You don't have enough magic to cast this spell.
Casting: Scorch (safe; 5% risk of failure)
Confirm with . or Enter, or press ? or * to list all spells.
You don't have enough magic to cast this spell.
You hit the scorpion.
The scorpion is severely wounded.
The scorpion stings you but does no damage.
The scorpion stings you.
You barely miss the scorpion.
The scorpion is severely wounded.
The scorpion stings you.
You hit the scorpion but do no damage.
The scorpion is severely wounded.
The scorpion is no longer more vulnerable to fire.
The scorpion stings you.
* * * LOW HITPOINT WARNING * * *
The dart slug bites you.
You die...

.# .######## #.. ........#
#.# #######.# #.# ## #.# #.#
. ### #.# #.#### s##
##.###.# #.##.## #..#
##...##.######.#.w.####...#
...............†@s...).†!.#
##...##.######.....###.....#
##.###.# #..#.## #.#.)..#
#####.# #..>..# #.#..###
#....# ##.##.# #.# .# #.####
#.# .# #.# .. #.# #.. .. ..#
#w ## #.# ### .##### .# .#
#.#


You could see a scorpion and a dart slug.

Vanquished Creatures
  A gnoll (D:1)
  2 giant cockroaches (D:1)
  3 goblins
  7 hobgoblins
  A jackal (D:2)
  2 quokkas (D:1)
  2 ball pythons
  9 bats
  2 frilled lizards (D:1)
  4 kobolds
  4 rats
37 creatures vanquished.

Vanquished Creatures (others)
  73 foxfires
73 creatures vanquished.

Grand Total: 110 creatures vanquished

Notes
Turn   | Place    | Note
-------+----------+-------------------------------------------
     0 | D:1      | funkygono the Gargoyle Fire Elementalist began the quest
                  | for the Orb.
     0 | D:1      | Reached XP level 1. HP: 10/10 MP: 3/3
   183 | D:1      | Reached XP level 2. HP: 15/15 MP: 3/5
   186 | D:1      | Learned a level 2 spell: Scorch
   213 | D:1      | Found Uduck's Armour Boutique.
   463 | D:1      | Reached XP level 3. HP: 19/19 MP: 0/6
  1030 | D:2      | Found a runed translucent door.
  1031 | D:2      | Noticed Crazy Yiuf
  1280 | D:2      | Reached skill level 4 in Fire Magic
  1303 | D:2      | Noticed a scorpion
  1362 | D:2      | Slain by a dart slug

Illustrated notes

Levels and vault maps discovered:
D:1:      dpeg_arrival_ternary, layout_rooms, serial_shops, shop,
          kennysheep_another_room, minmay_misc_feat_nine_boxes
D:2:      layout_loops_corners, minmay_octomino_j4, uniq_crazy_yiuf_cottage

Skill      XL: |  1  2  3 |
---------------+----------+-----
Fire Magic     | 4 |  4.0
Maces & Flails | |  0.2
Dodging        | |  1.6
Stealth        | |  2.1
Spellcasting   | |  2.6
Conjurations   | |  1.2

Action                     || total
---------------------------++-------
  Melee: Mace              ||    21
   Cast: Foxfire           ||    44
         Scorch            ||     7
 Armour: Robe              ||    10
  Dodge: Dodged            ||    15

Table legend: (Time is in decaauts)
 A = Elapsed time spent in this place.
 B = Non-inter-level travel time spent in this place.
 C = Inter-level travel time spent in this place.
 D = Time resting spent in this place.
 E = Time spent auto-exploring this place.
 F = Levels seen in this place.
 G = Mean time per level.
                   A        B        C        D        E       F      G
               +--------+--------+--------+--------+--------+-----+--------+
         Total |   1370 |   1350 |     20 |      0 |   1126 |   2 |  685.0 |
       Dungeon |   1370 |   1350 |     20 |      0 |   1126 |   2 |  685.0 |
               +--------+--------+--------+--------+--------+-----+--------+

Top non-repeatable levels by time:
     D:1: 983 daAuts
     D:2: 386 daAuts
